AoeStats
← Glitch

African Clearing

510675562Analyzed
2v2 RM · 1d ago on Oct 2, 2026· 54m 58s· 4 players
Game mode
Random Map
Map size
Medium (4 player)
Population
200
Speed
Normal
Resources
Standard
Victory
Conquest
Starting age
Dark Age
Ending age
Imperial Age
RankedLock teamsTeams togetherTeam positionsShared explorationLock speedFull tech treeHidden civsTurbo modeCheats
Victory
Defeat
🇺🇸 Mongols · United States
1339
+16
🇺🇸 Japanese · United States
1303
+17
🇲🇽 Huns · Mexico
1341
-17
🇲🇽 Varangians · Mexico
1334
-16
Hombre invisible
4:21 Loom
13:24 Feudal Age
14:10 Double-Bit Axe
17:46 Forging
17:42 Scale Barding Armor
18:07 Fletching
24:32 Castle Age
24:37 Elite Skirmisher
25:17 Bodkin Arrow
26:27 Light Cavalry
39:11 Wheelbarrow
44:56 Bloodlines
45:40 Hand Cart
46:53 Bow Saw
49:38 Gold Mining
49:31 Horse Collar
50:30 Husbandry
50:46 Padded Archer Armor
51:48 Chain Barding Armor
52:14 Iron Casting
53:23 Ballistics
King Spartacus
13:33 Feudal Age
17:32 Castle Age
15:59 Gold Mining
16:05 Fletching
16:01 Double-Bit Axe
16:50 Padded Archer Armor
18:38 Bow Saw
21:43 Ballistics
21:30 Loom
22:20 Wheelbarrow
23:34 Bodkin Arrow
26:37 Fishing Lines
35:58 Husbandry
37:01 Marauders
38:01 Thumb Ring
39:12 Gillnets
43:32 Imperial Age
42:42 Bloodlines
43:19 Hand Cart
44:06 Leather Archer Armor
44:16 Bracer
46:11 Chemistry
45:56 Leather Archer Armor
45:55 Masonry
45:41 Light Cavalry
46:21 Heavy Cavalry Archer
48:07 Scale Barding Armor
48:15 Forging
49:44 Chain Barding Armor
50:00 Iron Casting
51:30 Plate Barding Armor
51:56 Blast Furnace
[LHS] | yinzerito
3:25 Loom
13:22 Feudal Age
19:47 Castle Age
17:52 Double-Bit Axe
18:26 Horse Collar
18:41 Gold Mining
19:49 Stone Mining
19:54 Fletching
30:02 Scale Mail Armor
31:20 Forging
33:01 Wheelbarrow
32:15 Town Watch
32:51 Gambesons
34:39 Bodkin Arrow
36:28 Ballistics
38:08 Iron Casting
38:32 Chain Mail Armor
38:32 Squires
38:24 Elite Skirmisher
39:36 Treadmill Crane
45:03 Imperial Age
43:30 Arson
45:17 Thumb Ring
45:56 Hand Cart
46:07 Conscription
46:32 Bracer
47:48 Chemistry
47:39 Padded Archer Armor
50:28 Blast Furnace
49:27 Pikeman
53:18 Heavy Plow
54:25 Leather Archer Armor
54:02 Halberdier
Glitch
9:58 Loom
13:41 Feudal Age
12:47 Loom
17:40 Castle Age
15:41 Double-Bit Axe
21:33 Fletching
30:48 Horse Collar
37:54 Wheelbarrow
37:30 Bow Saw
38:15 Ballistics
39:03 Bodkin Arrow
40:08 Bloodlines
40:59 Heavy Plow
41:47 Hand Cart
41:36 Husbandry
41:43 Padded Archer Armor
42:20 Scale Barding Armor
41:41 Light Cavalry
44:50 Leather Archer Armor
49:05 Imperial Age
46:48 Gold Mining
47:06 Town Watch
49:00 Chain Barding Armor
49:55 Bracer
50:27 Conscription
50:35 Forging
50:18 Hussar
52:40 Chemistry
51:34 Guard Tower
53:02 Iron Casting
55:10 Blast Furnace
55:47 Gold Shaft Mining
55:02 Stone Mining
Connection lost

Rejoining the realm…

Still unreachable

The connection could not be restored.

Session expired

The server has moved on; the page needs a fresh start.